 Dungeon Crawl Stone Soup version 0.21-a0-278-ga722497 (webtiles) character file.

39 Leszczynek the Ruffian (level 3, -1/33 HPs)
             Began as a Troll Skald on Sept 22, 2017.
             Was a Follower of Okawaru.
             Asphyxiated
             ... on level 3 of the Dungeon.
             The game lasted 00:05:01 (676 turns).

Leszczynek the Ruffian (Troll Skald)                 Turns: 676, Time: 00:05:02

Health: -1/33      AC:  7    Str: 19    XL:     3   Next: 28%
Magic:  3/3        EV: 10    Int: 10    God:    Okawaru [*.....]
Gold:   67         SH:  0    Dex: 12    Spells: 1/4 levels left

rFire    . . .     SeeInvis .     - Unarmed
rCold    . . .     Gourm    +   (no shield)
rNeg     . . .     Faith    .   a - +0 robe
rPois    .         Spirit   .   k - +2 hat
rElec    .         Reflect  .   (no cloak)
rCorr    .         Harm     .   (gloves unavailable)
MR       .....                  (boots unavailable)
Stlth    +.........             (no amulet)
HPRegen  0.51/turn              i - +3 ring of dexterity
MPRegen  0.08/turn              j - +4 ring of slaying

@: lethally poisoned (-1 -> -32), slowed, very slow
A: unfitting armour, claws 3, fast metabolism 3, gourmand, regeneration 1,
shaggy fur 1, tough skin 2
a: Heroism, Renounce Religion


You were on level 3 of the Dungeon.
You worshipped Okawaru.
Okawaru was aware of your devotion.
You were very full.

You visited 1 branch of the dungeon, and saw 3 of its levels.

You collected 67 gold pieces.

Inventory:

Armour
 a - a +0 robe (worn)
 k - a +2 hat (worn)
Jewellery
 i - a +3 ring of dexterity (left claw)
 j - a +4 ring of slaying (right claw)
Wands
 n - a wand of iceblast (3/15)
Scrolls
 f - 2 scrolls of fog {unknown}
 g - a scroll of amnesia {unknown}
 h - a scroll of enchant weapon {unknown}
Books
 b - a book of Battle

   Spells                             Type                      Level
   a - Infusion                       Charms                       1
   b - Shroud of Golubria             Charms/Translocation         2
   c - Song of Slaying                Charms                       2
   d - Spectral Weapon                Hexes/Charms                 3
   e - Regeneration                   Charms/Necromancy            3
Comestibles
 d - 4 bread rations
 l - 10 chunks of flesh
 m - a fruit


   Skills:
 - Level 1.5 Fighting
 - Level 1.9 Dodging
 + Level 3.7 Unarmed Combat
 - Level 1.2 Spellcasting
 - Level 2.0 Charms


You had one spell level left.
You knew the following spells:

 Your Spells              Type           Power        Failure   Level  Hunger
a - Infusion              Chrm           #...         16%         1    ##.....
b - Shroud of Golubria    Chrm/Tloc      #.........   34%         2    ###....


Dungeon Overview and Level Annotations

Branches:
Dungeon (3/15)

Altars:
Kikubaaqudgha
Okawaru


Innate Abilities, Weirdness & Mutations

You are too large for most types of armour.
You have claws for hands.
Your metabolism is lightning-fast.
You like to eat raw meat.
Your natural rate of healing is unusually fast.
You are covered in fur. (AC +1)
You have very tough skin. (AC +2)


Message History

You feel very sick.
The kobold shoots a curare-tipped needle.
The curare-tipped needle hits you.
You are lethally poisoned!
You have difficulty breathing.
* * * LOW HITPOINT WARNING * * *
You feel as though you will be slow longer.
It was a potion of ambrosia.
You are confused.
You feel invigorated.
* * * LOW HITPOINT WARNING * * *
You feel very sick.
You feel less invigorated.
You feel less confused.
You feel very sick.
The kobold shoots a curare-tipped needle.
The curare-tipped needle hits you.
You are more poisoned.
You have difficulty breathing.
You die...

...###...#### ##.## #.# #.#
#.# #.# ####.#### ##'##
#.......# ##..†## #.##.##.#
##.....## #.##.#..#
##.......##
#.####.##..@.####.........##
###......K...(...'.........'.
##.#####.###...####.........##
#_#.#....####..# ##.......##
#.###.##........# ##.....## ##
##########.## ##...## #.#
##'## #.# #.# #.# #.#


You could see a kobold.

Vanquished Creatures
  2 worms
  A dart slug (D:2)
  A leopard gecko (D:2)
  2 orcs (D:3)
  2 giant cockroaches
  2 goblins
  4 hobgoblins
  2 jackals (D:3)
  A quokka (D:3)
  2 ball pythons
  5 bats
  A kobold (D:3)
  4 rats
29 creatures vanquished.

Notes
Turn   | Place    | Note
-------+----------+-------------------------------------------
     0 | D:1      | Leszczynek the Troll Skald began the quest for the Orb.
     0 | D:1      | Reached XP level 1. HP: 19/19 MP: 1/1
   272 | D:2      | Reached XP level 2. HP: 24/27 MP: 2/2
   276 | D:2      | Learned a level 2 spell: Shroud of Golubria
   348 | D:2      | Found an ancient bone altar of Kikubaaqudgha.
   354 | D:2      | Reached skill level 3 in Unarmed Combat
   528 | D:3      | Reached XP level 3. HP: 33/33 MP: 3/3
   583 | D:3      | Found a faded altar of an unknown god.
   586 | D:3      | Became a worshipper of Warmaster Okawaru
   586 | D:3      | Reached * piety under Okawaru
   587 | D:3      | ok
   674 | D:3      | HP: 2/33 [asphyx]
   676 | D:3      | Asphyxiated

Vault maps used:
D:1:      minmay_arrival_loop
D:2:      overflow_temple_1_default
D:3:      first_bread, chequers_ecumenical_altar_twisty, grunt_qazlal_clouds

Skill      XL: |  1  2 |
---------------+-------+-----
Unarmed Combat | 3 |  3.7
Fighting       | |  1.5
Dodging        | |  1.9
Spellcasting   | |  1.2
Charms         | |  2.0

Action                   || total
-------------------------++-------
Melee: Unarmed           ||    75
  Use: Potion            ||     2
 Stab: Sleeping          ||     1
  Eat: Chunk             ||    11
Armor: Robe              ||    32
Dodge: Dodged            ||    38

Table legend:
 A = Spawn XP
 B = Non-spawn XP
 C = Spawn XP percentage of total XP
 D = Spawn monster count
 E = Non-spawn monster count
 F = Spawn count percentage of total count
 G = Total turns spent on level
                    A         B        C        D         E        F      G
               +---------+---------+-------+---------+---------+-------+---------
         Total |       0 |      57 |   0.0 |       0 |      29 |   0.0 |   676
               +---------+---------+-------+---------+---------+-------+---------
           D:1 |       0 |       4 |   0.0 |       0 |       3 |   0.0 |   132
           D:2 |       0 |      23 |   0.0 |       0 |      11 |   0.0 |   294
           D:3 |       0 |      30 |   0.0 |       0 |      15 |   0.0 |   250
               +---------+---------+-------+---------+---------+-------+---------
